 Dungeon Crawl Stone Soup version 0.29-a0-315-gaf6dd05e2f (webtiles) character file.

Game seed: 698895318565591082

642 sanka the Ducker (level 7, 0/60 HPs)
             Began as a Gnoll Monk on Mar 27, 2022.
             Slain by an ufetubus (4 damage)
             ... on level 5 of the Dungeon on Mar 29, 2022.
             The game lasted 00:05:37 (3413 turns).

sanka the Ducker (Gnoll Monk)                       Turns: 3413, Time: 00:05:37

Health: 0/60       AC:  4    Str: 18    XL:     7   Next: 51%
Magic:  10/10      EV: 15    Int:  9    God:
Gold:   204        SH:  5    Dex: 15    Spells: 9/11 levels left

rFire   . . .      SeeInvis .   j - +0 war axe
rCold   . . .      Faith    .   (no shield)
rNeg    . . .      Spirit   .   b - +0 robe
rPois   .          Reflect  +   (no helmet)
rElec   .          Harm     .   (no cloak)
rCorr   .          Rampage  .   e - +0 pair of gloves
Will    .....                   x - +0 pair of boots
Stlth   +++.......              f - amulet of reflection
HPRegen 0.20/turn               v - +6 ring of strength
MPRegen 0.12/turn               (no ring)

@: no status effects
A: fangs 1, strong nose, distributed training
a: no special abilities


You were on level 5 of the Dungeon.
You visited 1 branch of the dungeon, and saw 5 of its levels.
You also visited: Sewer.

You collected 204 gold pieces.


Innate Abilities, Weirdness & Mutations

You have very sharp teeth.
Your uncanny sense of smell can sniff out nearby items.
Your experience applies equally to all skills.


   Skills:
 + Level 7.0 Fighting
 + Level 2.5 Short Blades
 + Level 2.5 Long Blades
 + Level 7.0 Axes
 + Level 2.5 Maces & Flails
 + Level 2.5 Polearms
 + Level 2.5 Staves
 + Level 2.5 Slings
 + Level 2.5 Bows
 + Level 2.5 Crossbows
 + Level 2.5 Throwing
 + Level 2.5 Armour
 + Level 7.0 Dodging
 + Level 4.9 Stealth
 + Level 2.5 Shields
 + Level 2.5 Unarmed Combat
 + Level 2.5 Spellcasting
 + Level 2.0 Conjurations
 + Level 2.0 Hexes
 + Level 2.0 Summonings
 + Level 2.0 Necromancy
 + Level 2.0 Translocations
 + Level 2.0 Transmutations
 + Level 2.0 Fire Magic
 + Level 2.0 Ice Magic
 + Level 2.0 Air Magic
 + Level 2.0 Earth Magic
 + Level 2.0 Poison Magic
 + Level 2.8 Invocations
 + Level 2.5 Evocations


You had 9 spell levels left.
You knew the following spells:

 Your Spells              Type           Power      Damage    Failure   Level
y - Poisonous Vapours     Pois/Air       8%         N/A       21%         2

Your spell library contained the following spells:

 Spells                   Type           Power      Damage    Failure   Level
 Sting                    Tmut/Pois      16%        1d3       14%         1
 Inner Flame              Hex/Fire       4%         N/A       38%         3
 Cause Fear               Hex            2%         N/A       80%         4
 Olgreb's Toxic Radiance  Pois           4%         N/A       80%         4
 Discord                  Hex            2%         N/A       100%        8

Inventory:

Hand Weapons
 j - a +0 war axe (weapon)
Missiles
 l - 2 throwing nets (quivered) {=f}
 B - 3 curare-tipped darts {=f}
Armour
 b - a +0 robe (worn)
 e - a +0 pair of gloves (worn)
 x - a +0 pair of boots (worn)
Magical Staves
 t - a staff of cold
Jewellery
 a - a ring of ice
 f - an amulet of reflection (around neck)
 v - a +6 ring of strength (left hand)
Scrolls
 d - a scroll of fear {unknown}
 g - a scroll of enchant weapon {unknown}
 h - a scroll of amnesia {unknown}
 n - 2 scrolls of vulnerability {unknown}
 p - a scroll of holy word {unknown}
 q - a scroll of summoning {unknown}
 r - a scroll of identify {unknown}
 s - a scroll of torment {unknown}
 w - a scroll of fog {unknown}
 y - a scroll of magic mapping {unknown}
 D - a scroll of teleportation {unknown}
Potions
 c - 2 potions of ambrosia
 i - 2 potions of curing {unknown}
 k - a potion of flight {unknown}
 m - a potion of heal wounds {unknown}
 o - 2 potions of degeneration {unknown}
 u - a potion of mutation {unknown}
 z - a potion of resistance {unknown}
 A - a potion of cancellation {unknown}
 C - a potion of attraction {unknown}

Dungeon Overview and Level Annotations

Branches:
Dungeon (5/15)              Sewer (visited)
 Temple: D:4-7

Altars:

Shops:
D:2 [

Annotations:
D:1 1 transporter
D:3 1 runed translucent door, Crazy Yiuf
D:4 Natasha

.......
.......
.......
....(..▒▒
........▒
........▒
.......5▒
......†g▒
......)▒▒
.......
.......
.......
.......
.......
.......


You could see an ufetubus.


Message History

You kill the hound!
You miss the ufetubus.
The ufetubus hits you but does no damage.
You block the ufetubus's attack. The ufetubus completely misses you.
You block the ufetubus's attack.
You hit the ufetubus.
The ufetubus is heavily wounded.
The ufetubus misses you.
The ufetubus hits you but does no damage.
You barely miss the ufetubus. Your bite misses the ufetubus.
The ufetubus is heavily wounded.
The ufetubus closely misses you. The ufetubus hits you.
* * * LOW HITPOINT WARNING * * *
The ufetubus completely misses you. The ufetubus completely misses you.
You miss the ufetubus.
The ufetubus is heavily wounded.
The ufetubus hits you.
* * * LOW HITPOINT WARNING * * *
The ufetubus barely misses you. You block the ufetubus's attack.
You block the ufetubus's attack.
You hit the ufetubus.
The ufetubus is almost dead.
You block the ufetubus's attack. The ufetubus hits you.
You die...

Action                   |  1- 3 |  4- 6 |  7- 9 || total
-------------------------+-------+-------+-------++-------
Melee: Hand axe          |    48 |       |       ||    48
       War axe           |    38 |    81 |    86 ||   205
       Bite              |     5 |     6 |    11 ||    22
       Punch             |       |     1 |     1 ||     2
 Stab: Sleeping          |     9 |     7 |     4 ||    20
Armor: Robe              |    13 |    16 |    27 ||    56
Dodge: Dodged            |    40 |    61 |   106 ||   207
Block: Other             |    10 |    22 |    36 ||    68
       Reflection        |       |     2 |       ||     2

Levels and vault maps discovered:
D:1:      spicycebolla_arrival_teleporter_tutorial, layout_rooms,
          hellmonk_ecumenical_altar_arch_garden, nrook_mini_backslash
D:2:      layout_basic, serial_undead, serial_undead_d, serial_undead_b,
          serial_undead_e, serial_undead_c, serial_shops, shop,
          minmay_parallelograms
D:3:      layout_basic, uniq_crazy_yiuf_cottage, uniq_terence
D:4:      layout_rooms, gup_sewer_entry_pipe, uniq_pargi, uniq_natasha
D:5:      layout_gridville, overflow_temple_1_default, sigmund_army,
          uniq_menkaure, uniq_duvessa, uniq_blork_the_orc

Notes
Turn   | Place    | Note
-------+----------+-------------------------------------------
     0 | D:1      | sanka the Gnoll Monk began the quest for the Orb.
     0 | D:1      | Reached XP level 1. HP: 23/23 MP: 1/1
   120 | D:1      | Reached XP level 2. HP: 19/29 MP: 2/2
   318 | D:1      | Upgraded the game from 0.29-a0-307-gecccbbdb84 to
                  | 0.29-a0-315-gaf6dd05e2f
   683 | D:1      | Found a faded altar of an unknown god.
   841 | D:2      | Reached XP level 3. HP: 33/35 MP: 3/3
   965 | D:2      | Found Ziroet's Armour Emporium.
  1316 | D:2      | Reached skill level 1 in Invocations
  1338 | D:2      | Reached skill level 1 in Short Blades
  1338 | D:2      | Reached skill level 1 in Long Blades
  1338 | D:2      | Reached skill level 1 in Maces & Flails
  1338 | D:2      | Reached skill level 1 in Polearms
  1338 | D:2      | Reached skill level 1 in Staves
  1338 | D:2      | Reached skill level 1 in Slings
  1338 | D:2      | Reached skill level 1 in Bows
  1338 | D:2      | Reached skill level 1 in Crossbows
  1338 | D:2      | Reached skill level 1 in Throwing
  1338 | D:2      | Reached skill level 1 in Armour
  1338 | D:2      | Reached skill level 1 in Shields
  1338 | D:2      | Reached skill level 1 in Unarmed Combat
  1338 | D:2      | Reached skill level 1 in Spellcasting
  1338 | D:2      | Reached skill level 1 in Evocations
  1338 | D:2      | Reached XP level 4. HP: 34/41 MP: 5/5
  1670 | D:3      | Noticed Terence
  1689 | D:3      | Killed Terence
  1690 | D:3      | Reached skill level 1 in Conjurations
  1690 | D:3      | Reached skill level 1 in Hexes
  1690 | D:3      | Reached skill level 1 in Summonings
  1690 | D:3      | Reached skill level 1 in Necromancy
  1690 | D:3      | Reached skill level 1 in Translocations
  1690 | D:3      | Reached skill level 1 in Transmutations
  1690 | D:3      | Reached skill level 1 in Fire Magic
  1690 | D:3      | Reached skill level 1 in Ice Magic
  1690 | D:3      | Reached skill level 1 in Air Magic
  1690 | D:3      | Reached skill level 1 in Earth Magic
  1690 | D:3      | Reached skill level 1 in Poison Magic
  1908 | D:3      | Found a runed translucent door.
  1909 | D:3      | Noticed Crazy Yiuf
  2156 | D:3      | Reached XP level 5. HP: 22/47 MP: 5/7
  2744 | D:4      | Noticed an ogre
  2752 | D:4      | Killed an ogre
  2753 | D:4      | Reached skill level 2 in Invocations
  2753 | D:4      | Reached XP level 6. HP: 26/53 MP: 8/8
  2881 | D:4      | Reached skill level 2 in Short Blades
  2881 | D:4      | Reached skill level 2 in Long Blades
  2881 | D:4      | Reached skill level 2 in Maces & Flails
  2881 | D:4      | Reached skill level 2 in Polearms
  2881 | D:4      | Reached skill level 2 in Staves
  2881 | D:4      | Reached skill level 2 in Slings
  2881 | D:4      | Reached skill level 2 in Bows
  2881 | D:4      | Reached skill level 2 in Crossbows
  2881 | D:4      | Reached skill level 2 in Throwing
  2881 | D:4      | Reached skill level 2 in Armour
  2881 | D:4      | Reached skill level 2 in Shields
  2881 | D:4      | Reached skill level 2 in Unarmed Combat
  2881 | D:4      | Reached skill level 2 in Spellcasting
  2881 | D:4      | Reached skill level 2 in Evocations
  2915 | D:4      | Noticed Pargi
  2932 | D:3      | Killed Pargi
  2964 | D:4      | Reached XP level 7. HP: 46/59 MP: 10/10
  3010 | D:4      | Found a glowing drain.
  3019 | Sewer    | Entered a sewer
  3128 | Sewer    | Reached skill level 7 in Fighting
  3128 | Sewer    | Reached skill level 7 in Axes
  3128 | Sewer    | Reached skill level 7 in Dodging
  3128 | Sewer    | Reached skill level 2 in Conjurations
  3128 | Sewer    | Reached skill level 2 in Hexes
  3128 | Sewer    | Reached skill level 2 in Summonings
  3128 | Sewer    | Reached skill level 2 in Necromancy
  3128 | Sewer    | Reached skill level 2 in Translocations
  3128 | Sewer    | Reached skill level 2 in Transmutations
  3128 | Sewer    | Reached skill level 2 in Fire Magic
  3128 | Sewer    | Reached skill level 2 in Ice Magic
  3128 | Sewer    | Reached skill level 2 in Air Magic
  3128 | Sewer    | Reached skill level 2 in Earth Magic
  3128 | Sewer    | Reached skill level 2 in Poison Magic
  3143 | Sewer    | Learned a level 2 spell: Poisonous Vapours
  3388 | D:4      | Noticed Natasha
  3404 | D:5      | Entered Level 5 of the Dungeon
  3412 | D:5      | HP: 4/60 [ufetubus (4)]
  3413 | D:5      | Slain by an ufetubus

Vanquished Creatures
  A water moccasin (Sewer)
  Pargi (D:3)
  An ogre (D:4)
  A scorpion (D:4)
  2 hounds
  An orc priest (D:4)
  An orc wizard (D:3)
  Terence (D:3)
  An iguana (D:2)
  2 gnolls
  2 adders (D:4)
  8 orcs
  7 bats
  A bat skeleton (D:2)
  6 endoplasms
  9 giant cockroaches
  5 goblins
  4 hobgoblins
  7 quokkas
  8 ball pythons
  2 ball python skeletons (D:2)
  4 frilled lizards
  9 kobolds
  A quokka skeleton (D:2)
  A quokka zombie (D:2)
  6 rats
92 creatures vanquished.

Vanquished Creatures (others)
  3 withered plants (D:2)
3 creatures vanquished.

Grand Total: 95 creatures vanquished
